cohdb
Replays
Latest Replays
All Replays
Popular Replays
Top Player Replays
Match Explorer
How It Works
Community
CoH3 Stats
Reddit
Sign in to upload your games and track your stats! →
Sign in with Steam
Match 43758700
Unlisted
Match 43758700
Overview
Messages
Build Orders
End
Construct Section Command Post
Dingo Light Scout Car
Selects Air and Sea Battlegroup
Infantry Section
Infantry Section
Infantry Section
Construct Platoon Command Post
Selects Supply Surplus
Unlock Bishop Self-propelled Artillery
6-pounder Anti-tank Gun Team
Bishop Self-propelled Artillery
Grenade Package
6-pounder Anti-tank Gun Team
Bishop Self-propelled Artillery
Light Vehicle Training
Selects UNKNOWN (223837)
Construct Resource Cache
Bishop Self-propelled Artillery
Selects Assault Flares
DonaldD.
Anno3001
Frost233233
Michty Action X
Be.Nice
Zerg6412
kenleung
simranjitsingh713
0
0
Comments
sign in to comment!
No comments posted yet!